 Dungeon Crawl Stone Soup version 0.27-a0-720-g3f424a255b (webtiles) character file.

Game seed: 4777985765341939356

133 PentaManta the Ducker (level 4, -3/23 HPs)
             Began as a Spriggan Abyssal Knight on Mar 23, 2021.
             Was a Believer of Lugonu.
             Slain by a gnoll
             ... wielding a +0 halberd
              (14 damage)
             ... on level 2 of the Dungeon.
             The game lasted 00:08:26 (3885 turns).

PentaManta the Ducker (Spriggan Abyssal Knight)     Turns: 3885, Time: 00:08:27

Health: -3/23      AC:  2    Str:  8    XL:     4   Next: 94%
Magic:  6/6        EV: 19    Int: 13    God:    Lugonu [**....]
Gold:   99         SH:  0    Dex: 15    Spells: 3/3 levels left

rFire    . . .     SeeInvis +   e - +0 rapier
rCold    . . .     Faith    .   (shield restricted)
rNeg     . . .     Spirit   .   b - +0 robe
rPois    .         Reflect  .   (helmet restricted)
rElec    .         Harm     .   (no cloak)
rCorr    .         Rampage  .   (gloves unavailable)
Will     .....                  (boots unavailable)
Stlth    ++........             (no amulet)
HPRegen  0.07/turn              (no ring)
MPRegen  0.10/turn              (no ring)

@: very quick
A: very small, no large weapons, unfitting armour, see invisible, speed 3
a: Renounce Religion, Depart the Abyss, Bend Space


You were on level 2 of the Dungeon.
You worshipped Lugonu.
Lugonu was pleased with you.
You visited 1 branch of the dungeon, and saw 3 of its levels.
You visited the Abyss 1 time.

You collected 99 gold pieces.

Inventory:

Hand Weapons
 a - a +1 falchion
 e - a +0 rapier (weapon)
 j - a +0 dagger
 p - a +0 hunting sling
 r - a +0 whip of venom
Missiles
 g - 17 stones (quivered)
Armour
 b - a +0 robe (worn)
 s - a scarf of harm
Jewellery
 k - a ring of protection from fire
Wands
 t - a wand of acid (6)
Scrolls
 c - a scroll of blinking
 f - a scroll of enchant weapon {unknown}
 m - 2 scrolls of magic mapping {unknown}
 n - a scroll of enchant armour {unknown}
 q - 2 scrolls of immolation {unknown}
Potions
 d - a potion of haste {unknown}
 h - a potion of mutation {unknown}
 i - a potion of berserk rage
 l - a potion of invisibility {unknown}
 o - a potion of magic {unknown}


   Skills:
 + Level 2.9 Fighting
 - Level 2.5(3.0) Short Blades
 - Level 1.5(2.0) Long Blades
 * Level 4.9 Dodging
 + Level 2.8 Stealth
 - Level 1.7 Invocations


You had 3 spell levels left.
You didn't know any spells.
Your spell library was empty.

Dungeon Overview and Level Annotations

Branches:
Dungeon (3/15)

Altars:


Innate Abilities, Weirdness & Mutations

You are very small and have problems with some larger weapons.
You are too small for most types of armour.
You have supernaturally acute eyesight. (SInv)
You cover ground extremely quickly. (Speed+++)


Message History

You throw a stone. The stone completely misses the gnoll.
Throw: 19 stones
Press: ? - help, Q - select action, (/) - cycle Shift-Dir - straight line, f/p - gnoll
Aim: a gnoll, wielding a +0 halberd (moderately wounded, 63% to hit)
You throw a stone.
The stone hits the gnoll but does no damage.
The gnoll is moderately wounded.
The kobold throws a stone.
The stone closely misses you.
Throw: 18 stones
Press: ? - help, Q - select action, (/) - cycle Shift-Dir - straight line, f/p - gnoll
Aim: a gnoll, wielding a +0 halberd (moderately wounded, 63% to hit)
You throw a stone.
The stone hits the gnoll but does no damage.
The gnoll is moderately wounded.
The kobold throws a stone.
The stone completely misses you.
Press: ? - help, v - describe, . - travel
Here: a gnoll, wielding a +0 halberd (moderately wounded)
The floor.
Describe a (M)onster, (S)pell, s(K)ill, (A)bility, (C)ard, (I)tem, (F)eature, (G)od, (B)ranch, c(L)oud or s(T)atus?
Describe a item; partial names and regexps are fine.
Enter a single letter to list items displayed by that symbol.
Describe what? halb Describe a (M)onster, (S)pell, s(K)ill, (A)bility, (C)ard, (I)tem, (F)eature, (G)od, (B)ranch, c(L)oud or s(T)atus?
Okay, then.
There is a stone staircase leading up, spattered with blood here.
The gnoll completely misses you.
There is a stone staircase leading up, spattered with blood here.
There is a stone staircase leading up, spattered with blood here.
The gnoll hits you with a +0 halberd!
You climb upwards.
There is a stone staircase leading down here.
You hit the gnoll.
The gnoll is heavily wounded.
The gnoll hits you with a +0 halberd.
You barely miss the gnoll.
The gnoll is heavily wounded.
The gnoll completely misses you.
You closely miss the gnoll.
The gnoll is heavily wounded.
The gnoll hits you with a +0 halberd!
Ouch! That really hurt!
You die...

#.# # #.# # #.# #.#
#.####### #........
##########..#####.
############...........#
#.
#..........)@..#.....>.#
#.
#.##########g..........#
#. #.#
##.##.#.###.#####. #.#
#.##.#.###.......
#.#####
#.##.#..####.####
#.....# #.##.#.#.###.#
#####.# #...#........#
#.# ####.##.######
#.###### #.##.##


You could see a gnoll.

Vanquished Creatures
  2 gnolls
  6 adders (D:2)
  2 worms (D:2)
  5 bats
  2 giant cockroaches
  6 hobgoblins
  7 jackals
  An ooze (D:2)
  2 quokkas
  2 ball pythons (D:1)
  3 frilled lizards (D:1)
  7 goblins
  6 kobolds
  3 rats
54 creatures vanquished.

Notes
Turn   | Place    | Note
-------+----------+-------------------------------------------
     0 | Abyss:1  | PentaManta the Spriggan Abyssal Knight began the quest for
                  | the Orb.
     0 | Abyss:1  | Reached XP level 1. HP: 11/11 MP: 3/3
    13 | Abyss:2  | Found a corrupted altar of Lugonu.
    59 | Abyss:2  | Noticed a golden dragon simulacrum
    60 | Abyss:2  | Noticed a spatial maelstrom
    62 | D:1      | Escaped the Abyss
   503 | D:1      | Reached skill level 1 in Short Blades
   553 | D:1      | Reached * piety under Lugonu
   554 | D:1      | Reached XP level 2. HP: 16/16 MP: 4/4
  1478 | D:2      | Reached XP level 3. HP: 16/19 MP: 5/5
  1553 | D:2      | Reached skill level 1 in Stealth
  1990 | D:2      | Reached skill level 4 in Dodging
  2430 | D:2      | Reached XP level 4. HP: 23/23 MP: 6/6
  2720 | D:2      | Reached ** piety under Lugonu
  3885 | D:2      | Slain by a gnoll

Illustrated notes

Levels and vault maps discovered:
D:1:      sevenhm_arrival_forest_fort_large_4, layout_loops_cross,
          minmay_box_of_dots
D:2:      layout_loops_ring
D:3:      layout_loops_ring

Skill      XL: |  1  2  3 |
---------------+----------+-----
Short Blades   | 1 2 |  2.5
Stealth        | 2 |  2.8
Dodging        | 4 |  4.9
Fighting       | |  2.9
Long Blades    | |  1.5
Invocations    | |  1.7

Action                   |  1- 3 |  4- 6 || total
-------------------------+-------+-------++-------
Melee: Rapier            |    92 |    90 ||   182
       Dagger            |    51 |       ||    51
 Fire: Hunting sling     |       |     9 ||     9
Throw: Stone             |     2 |     3 ||     5
Invok: Depart the Abyss  |     1 |       ||     1
  Use: Scroll            |     2 |       ||     2
       Potion            |     1 |       ||     1
 Stab: Sleeping          |     3 |     2 ||     5
Armor: Robe              |    10 |     3 ||    13
Dodge: Dodged            |   121 |    72 ||   193

Table legend: (Time is in decaauts)
 A = Elapsed time spent in this place.
 B = Non-inter-level travel time spent in this place.
 C = Inter-level travel time spent in this place.
 D = Time resting spent in this place.
 E = Time spent auto-exploring this place.
 F = Levels seen in this place.
 G = Mean time per level.
                   A        B        C        D        E       F      G
               +--------+--------+--------+--------+--------+-----+--------+
         Total |   3256 |   3199 |     57 |    805 |   1852 |   5 |  651.2 |
       Dungeon |   3216 |   3159 |     57 |    805 |   1849 |   3 | 1072.0 |
         Abyss |     39 |     39 |      0 |      0 |      3 |   2 |   19.5 |
               +--------+--------+--------+--------+--------+-----+--------+

Top non-repeatable levels by time:
     D:2: 1332 daAuts
     D:1: 1060 daAuts
     D:3: 823 daAuts
 Abyss:2: 31 daAuts
 Abyss:1: 8 daAuts
